 Dungeon Crawl Stone Soup version 0.17-a0-2101-g0c122e7 (webtiles) character file.

1504 mrath the Digger (level 8, 0/45 HPs)
             Began as a Gargoyle Earth Elementalist on Oct 19, 2015.
             Was an Initiate of Vehumet.
             Blown up by an orc priest (13 damage)
             ... with a wand of disintegration
             ... on level 5 of the Dungeon.
             The game lasted 01:51:57 (10513 turns).

mrath the Digger (Gargoyle Earth Elementalist)     Turns: 10513, Time: 01:51:57

Health: 0/45       AC:  9    Str: 12    XL:     8   Next: 82%
Magic:  27/27      EV: 16    Int: 18    God:    Vehumet [......]
Gold:   361        SH:  0    Dex: 15    Spells: 4 memorised, 9 levels left

rFire  . . .     SeeInvis .     Q - +6 mace "Leott" {freeze, MP+9 Dex+5}
rCold  . . .     Clarity  .     b - +0 robe
rNeg   + . .     SustAt   .     (no shield)
rPois  ∞         Gourm    .     F - +0 helmet
rElec  +         Spirit   .     q - +0 cloak
rCorr  .         Warding  .     (no gloves)
rMut   .         Stasis   .     (no boots)
MR     .....                    (no amulet)
Stlth  ++........               N - +3 ring of evasion
                                l - ring of poison resistance (curse)

@: not resistant to hostile enchantments, unstealthy
A: negative energy resistance 1, electricity resistance, unbreathing,
petrification resistance, rot immunity, AC +5
a: Renounce Religion


You were on level 5 of the Dungeon.
You worshipped Vehumet.
Vehumet was noncommittal.
You were not hungry.

You visited 2 branches of the dungeon, and saw 6 of its levels.

You collected 361 gold pieces.

Inventory:

Hand Weapons
 a - a +1 spear of venom
 d - a +2 flail of protection
 o - the +8 demon blade "Leech" {vamp, rN+ AC-2 EV-2 Str-2 Int-2 Dex-2}
   (You found it on level 4 of the Dungeon)

   It inflicts no extra harm, but heals its wielder somewhat when it strikes a
   living foe.
   It affects your AC (-2).
   It affects your evasion (-2).
   It affects your strength (-2).
   It affects your intelligence (-2).
   It affects your dexterity (-2).
   It protects you from negative energy.
 p - a +4 quarterstaff of chaos
 x - a +2 dagger of venom
 B - a +2 falchion of slicing
 D - a +3 short sword
 G - a +0 hunting sling
 P - a +3 mace of venom
 Q - the +6 mace "Leott" (weapon) {freeze, MP+9 Dex+5}
   (You found it on level 4 of the Dungeon)

   It has been specially enchanted to freeze those struck by it, causing extra
   injury to most foes and up to half again as much damage against particularly
   susceptible opponents.
   It can also slow down cold-blooded creatures.
   It affects your dexterity (+5).
   It affects your magic capacity (+9).
 R - a cursed -1 mace
 S - a cursed +0 mace
Missiles
 e - 18 silver sling bullets
 v - 6 tomahawks (quivered)
 L - 25 sling bullets
 M - 40 stones
 O - 15 poisoned needles
Armour
 b - a +0 robe (worn)
 q - a +0 cloak (worn)
 F - a +0 helmet (worn)
 J - a +0 shield
Jewellery
 l - a cursed ring of poison resistance (left hand)
 H - an uncursed ring of sustain attributes
 N - a +3 ring of evasion (right hand)
Scrolls
 f - a scroll of teleportation {unknown}
 h - a scroll of enchant weapon {unknown}
 j - a scroll of magic mapping {unknown}
 s - a scroll of fog {unknown}
 u - 2 scrolls of random uselessness {unknown}
 w - 4 scrolls of remove curse
 y - a scroll of identify
 z - a scroll of amnesia {unknown}
 C - a scroll of blinking {unknown}
 E - 2 scrolls of noise {unknown}
 I - a scroll of recharging {unknown}
Potions
 g - a potion of might
 i - a potion of degeneration {unknown}
 k - 4 potions of heal wounds
 m - 2 potions of cancellation {unknown}
 n - a potion of flight {unknown}
 r - a potion of curing {unknown}
 t - 2 potions of ambrosia
 A - a potion of brilliance {unknown}
 T - a potion of lignification {unknown}
Books
 c - a book of Geomancy

   Spells                             Type                      Level
   a - Sandblast                      Earth                        1
   b - Stoneskin                      Transmutation/Earth          2
   c - Passwall                       Transmutation/Earth          3
   d - Stone Arrow                    Conjuration/Earth            3
   e - Petrify                        Transmutation/Earth          4
   f - Lee's Rapid Deconstruction     Earth                        5
Comestibles
 U - 2 bread rations


   Skills:
 + Level 2.5 Fighting
 + Level 2.1 Polearms
 + Level 3.1 Armour
 + Level 2.7 Dodging
 - Level 2.1 Stealth
 * Level 6.9 Spellcasting
 + Level 2.2 Conjurations
 - Level 0.7 Transmutations
 + Level 6.9 Earth Magic


You had 9 spell levels left.
You knew the following spells:

 Your Spells              Type           Power        Failure   Level  Hunger
a - Sandblast             Erth           ####..       1%          1    None
b - Stoneskin             Trmt/Erth      ###.....     3%          2    None
c - Stone Arrow           Conj/Erth      ###...       6%          3    ##.....
d - Lee's Rapid Deconstr  Erth           ####......   21%         5    #####..


Dungeon Overview and Level Annotations

Branches:
Dungeon (5/15)             Temple (1/1) D:4

Altars:
Ashenzari
Cheibriados
Nemelex Xobeh
Okawaru
Ru
Vehumet
Xom
The Shining One
Lugonu

Annotations:
D:3 Grinder


Innate Abilities, Weirdness & Mutations

You are resistant to torment.
Your stone body is resilient (AC +5).
You are immune to poison.
You resist negative energy.
You are resistant to electric shocks.
You can survive without breathing.
You are immune to petrification.
You are immune to rotting.


Message History

There is an open door here.
There is an open door here.
There is an open door here.
The orc priest shouts!
The orc priest zaps a wand.
You are blasted!
It is a wand of disintegration.
The orc priest zaps a wand.
You are blasted!
You sock the orc priest! You freeze the orc priest.
The orc priest is heavily wounded.
The orc priest zaps a wand.
You struggle to resist.
You closely miss the orc priest.
The orc priest is heavily wounded.
The orc shouts!
The orc priest invokes the aid of Beogh against you.
Something smites you!
* * * LOW HITPOINT WARNING * * *
You sock the orc! You freeze the orc.
You kill the orc!
Vehumet accepts your kill.
The orc priest zaps a wand.
You are blasted!
You die...

... #.... #.#....###.#.# #..
.... #Z... #..........#.###..
..#.... # #......###.#..##..
....... #. #.#...####.#..##..
....... .. #..........#...#..
.......####.##...#######.#.#..
#.......##..............#....
#.#.....#####...##########...
#.....).'...@o.............>.
###.....#####...###########..
#.####........# #.. #.
#.o......# ### # #..o.....#
#......### #......# #......#
#......#


You could see an orc priest.

Vanquished Creatures
  The ghost of Barrydekale the Skirmisher, an amateur HuWn of Trog (D:3)
  An ice beast (D:5)
  A centaur (D:5)
  2 ogres (D:4)
  A big kobold (D:4)
  A gnoll sergeant (D:3)
  A centaur zombie (D:5)
  2 gnoll shamans (D:3)
  Crazy Yiuf (D:4)
  An orc priest (D:3)
  4 orc wizards
  3 worker ants
  34 gnolls
  Robin (D:3)
  11 adders
  A river rat (D:4)
  2 shadow imps
  3 oozes
  A worm (D:2)
  7 giant geckos
  7 orcs
  A ball python (D:4)
  10 bats
  3 giant cockroaches
  7 hobgoblins
  30 jackals
  11 kobolds
  3 giant newts
  12 goblins
  5 quokkas
  5 rats
173 creatures vanquished.

Notes
Turn   | Place    | Note
--------------------------------------------------------------
     0 | D:1      | mrath the Gargoyle Earth Elementalist began the quest for the Orb.
     0 | D:1      | Reached XP level 1. HP: 10/10 MP: 3/3
   310 | D:1      | Found an iron altar of Okawaru.
   317 | D:1      | Reached XP level 2. HP: 15/15 MP: 3/5
   729 | D:1      | Reached skill level 4 in Earth Magic
   839 | D:1      | Reached XP level 3. HP: 19/19 MP: 4/7
  1085 | D:2      | Found a sparkling altar of Nemelex Xobeh.
  1115 | D:2      | Found a snail-covered altar of Cheibriados.
  1425 | D:2      | Found a sacrificial altar of Ru.
  1540 | D:2      | Reached XP level 4. HP: 21/24 MP: 3/9
  2201 | D:2      | Reached XP level 5. HP: 28/28 MP: 4/11
  2521 | D:2      | Learned a level 2 spell: Stoneskin
  2525 | D:2      | Learned a level 3 spell: Stone Arrow
  2531 | D:2      | Learned a level 5 spell: Lee's Rapid Deconstruction
  2548 | D:3      | Reached skill level 5 in Earth Magic
  2574 | D:3      | Noticed Robin
  2777 | D:3      | Noticed Barrydekale's ghost (amateur HuWn)
  3152 | D:3      | Reached XP level 6. HP: 32/32 MP: 10/13
  3516 | D:3      | Killed Robin
  3929 | D:2      | Reached skill level 5 in Spellcasting
  4957 | D:3      | Reached skill level 6 in Earth Magic
  4957 | D:3      | Reached XP level 7. HP: 30/36 MP: 6/15
  6160 | D:3      | Noticed Grinder
  6848 | D:3      | Killed Barrydekale's ghost
  6848 | D:3      | Reached skill level 1 in Fighting
  6848 | D:3      | Reached skill level 1 in Polearms
  6848 | D:3      | Reached skill level 1 in Armour
  6848 | D:3      | Reached skill level 1 in Conjurations
  7947 | D:3      | Reached XP level 8. HP: 37/43 MP: 17/17
  8035 | D:4      | Got a pitted mace
  8040 | D:4      | Got a fine mace
  8424 | D:4      | Identified the cursed +1 mace of Floods {elec, +Fly rElec MP-9 Dex+2} (You found it on level 4 of the Dungeon)
  8425 | D:4      | Identified the +6 mace "Leott" {freeze, MP+9 Dex+5} (You found it on level 4 of the Dungeon)
  8579 | D:4      | Found a staircase to the Ecumenical Temple.
  8592 | Temple   | Entered the Ecumenical Temple
  8606 | Temple   | Became a worshipper of Vehumet
  9389 | D:4      | Noticed Crazy Yiuf
  9398 | D:4      | Killed Crazy Yiuf
  9477 | D:5      | Entered Level 5 of the Dungeon
  9705 | D:5      | Found an iron altar of Okawaru.
 10513 | D:5      | Blown up by an orc priest

Vault maps used:
D:1:      grunt_arrival_crossed_arrows, okawaru_ov_weapons_minmay
D:2:      nemelex_xobeh_ov_fountains_minmay, cheibriados_altar_1,
          nicolae_ru_great_annihilating_truth
D:3:      lemuel_castle_with_subvaults, minmay_misc_feat_x, grunt_ministairs_7,
          solitary_fountain, uniq_grinder, uniq_robin
D:4:      gup_sewer_entry_bowl, first_bread, uniq_crazy_yiuf_cottage
D:5:      basic_altar
Temple:   corrupted_temple

Action                   |  1- 3 |  4- 6 |  7- 9 || total
-------------------------+-------+-------+-------++-------
Melee: Club              |     4 |       |       ||     4
       Spear             |       |     9 |   211 ||   220
       Mace              |       |       |    19 ||    19
Throw: Throwing net      |       |       |     4 ||     4
       Tomahawk          |       |       |     3 ||     3
 Cast: Sandblast         |    44 |   143 |   125 ||   312
       Stoneskin         |       |       |     9 ||     9
       Stone Arrow       |       |       |     5 ||     5
  Use: Scroll            |       |       |     6 ||     6
 Stab: Held in net/web   |       |       |     2 ||     2
       Sleeping          |       |       |     1 ||     1
  Eat: Chunk             |     2 |     8 |     3 ||    13
       Bread ration      |       |     1 |     2 ||     3
       Meat ration       |       |       |     1 ||     1
